| TOP OF THE 1ST |
|
Spartanburg Spartans batting - Pitching for Greenville Spinners : RHP Linvel Mosby
|
|
Pitching: RHP Linvel Mosby
|
|
|
Batting: SHB Michael Vanderburg
|
0-0: Called Strike 0-1: Fly out, F7 (Flyball, 78S, EV 80.0 MPH)
|
|
Batting: LHB Albert Ortiz
|
0-0: Ball 1-0: Ground out 4-3 (Groundball, 34D, EV 95.6 MPH)
|
|
Batting: RHB Gib Seibert
|
0-0: Ball 1-0: Ball 2-0: Foul Ball, location: 2F 2-1: Foul Ball, location: 2F 2-2: Foul Ball, location: 2F 2-2: Ball 3-2: DOUBLE (Line Drive, 7LS, EV 111.3 MPH)
|
|
Batting: LHB John Hennell
|
0-0: DOUBLE (Flyball, 7LD, EV 104.4 MPH) Gib Seibert scores
|
|
Batting: RHB Van Sowards
|
0-0: Foul Ball, location: 2F 0-1: Ball 1-1: Fly out, F8 (Flyball, 8RD, EV 85.6 MPH)
|
| Top of the 1st over - 1 run, 2 hits, 0 errors, 1 left on base; Spartanburg 1 - Greenville 0 |
| BOTTOM OF THE 1ST |
|
Greenville Spinners batting - Pitching for Spartanburg Spartans : LHP Chuck Cary
|
|
Pitching: LHP Chuck Cary
|
|
|
Batting: RHB Tony Russell
|
0-0: Ground out 4-3 (Groundball, 13, EV 83.1 MPH)
|
|
Batting: RHB Darrell Woodard
|
0-0: Swinging Strike 0-1: Ball 1-1: Foul Ball, location: 2F 1-2: Strikes out swinging
|
|
Batting: RHB Bobby Miscik
|
0-0: Ball 1-0: Fly out, F8 (Flyball, 8LS, EV 72.5 MPH)
|
| Bottom of the 1st over - 0 runs, 0 hits, 0 errors, 0 left on base; Spartanburg 1 - Greenville 0 |
| TOP OF THE 2ND |
|
Spartanburg Spartans batting - Pitching for Greenville Spinners : RHP Linvel Mosby
|
|
Batting: LHB Warren McReddie
|
0-0: Swinging Strike 0-1: Ball 1-1: Called Strike 1-2: Strikes out swinging
|
|
Batting: RHB Inocencio Guerrero
|
0-0: Ball 1-0: Ball 2-0: Ball 3-0: Called Strike 3-1: Base on Balls
|
|
Batting: RHB Ron Dillard
|
0-0: Fly out, F9 (Flyball, 9LM, EV 91.9 MPH)
|
|
Batting: RHB Rigo Rodriguez
|
0-0: Ball 1-0: Foul Ball, location: 2F 1-1: Foul Ball, location: 2F 1-2: Ball 2-2: Ball 3-2: Ground out 6-3 (Groundball, 4M, EV 98.8 MPH)
|
| Top of the 2nd over - 0 runs, 0 hits, 0 errors, 1 left on base; Spartanburg 1 - Greenville 0 |
| BOTTOM OF THE 2ND |
|
Greenville Spinners batting - Pitching for Spartanburg Spartans : LHP Chuck Cary
|
|
Batting: LHB John Edmonds
|
0-0: Called Strike 0-1: Swinging Strike 0-2: Ball 1-2: Ball 2-2: Strikes out looking
|
|
Batting: RHB Glenn Robertson
|
0-0: Ball 1-0: Called Strike 1-1: Ball 2-1: Ball 3-1: Foul Ball, location: 2F 3-2: Base on Balls
|
|
Batting: SHB Thomas Colburn
|
0-0: Ball 1-0: Called Strike 1-1: Fly out, F8 (Flyball, 78M, EV 81.3 MPH)
|
|
Batting: RHB Michael McEvilly
|
0-0: Ball 1-0: Ball Wild Pitch! Glenn Robertson to second 2-0: Fly out, F9 (Flyball, 9LD, EV 98.8 MPH)
|
| Bottom of the 2nd over - 0 runs, 0 hits, 0 errors, 1 left on base; Spartanburg 1 - Greenville 0 |
| TOP OF THE 3RD |
|
Spartanburg Spartans batting - Pitching for Greenville Spinners : RHP Linvel Mosby
|
|
Batting: SHB Michael Vanderburg
|
0-0: Ball 1-0: SINGLE (Groundball, 34D, EV 98.8 MPH)
|
|
Batting: LHB Albert Ortiz
|
0-0: Fielders Choice at 2nd, 3-6 (Groundball, 3, EV 85.6 MPH)
|
|
Batting: RHB Gib Seibert
|
0-0: Ball Wild Pitch! Albert Ortiz to second 1-0: Ball 2-0: Fly out, F8 (Flyball, 8LS, EV 96.9 MPH)
|
|
Batting: LHB John Hennell
|
0-0: DOUBLE (Groundball, 3L, EV 109.4 MPH) Albert Ortiz scores
|
|
Batting: RHB Van Sowards
|
0-0: Called Strike 0-1: Ground out 4-3 (Groundball, 4, EV 80.6 MPH)
|
| Top of the 3rd over - 1 run, 2 hits, 0 errors, 1 left on base; Spartanburg 2 - Greenville 0 |
| BOTTOM OF THE 3RD |
|
Greenville Spinners batting - Pitching for Spartanburg Spartans : LHP Chuck Cary
|
|
Batting: LHB Tim Jordan
|
0-0: Ball 1-0: Foul Ball, location: 2F 1-1: Fly out, F9 (Flyball, 9D, EV 93.8 MPH)
|
|
Batting: RHB Luis Salazar
|
0-0: Fly out, F8 (Flyball, 78D, EV 81.9 MPH)
|
|
Batting: RHB Tony Russell
|
0-0: Called Strike 0-1: Foul Ball, location: 2F 0-2: Ball 1-2: Foul Ball, location: 2F 1-2: Ball 2-2: SINGLE (Groundball, 5S, EV 60.0 MPH) (infield hit)
|
|
Batting: RHB Darrell Woodard
|
0-0: SINGLE (Groundball, 6D, EV 101.3 MPH) Tony Russell to second
|
|
Batting: RHB Bobby Miscik
|
0-0: Fielders Choice at 2nd, 5-4 (Groundball, 56, EV 83.1 MPH)
|
| Bottom of the 3rd over - 0 runs, 2 hits, 0 errors, 2 left on base; Spartanburg 2 - Greenville 0 |
| TOP OF THE 4TH |
|
Spartanburg Spartans batting - Pitching for Greenville Spinners : RHP Linvel Mosby
|
|
Batting: LHB Warren McReddie
|
0-0: Called Strike 0-1: Ball 1-1: Ball 2-1: Foul Ball, location: 2F 2-2: Fly out, F8 (Flyball, 8LD, EV 95.6 MPH)
|
|
Batting: RHB Inocencio Guerrero
|
0-0: Ball 1-0: Ball 2-0: Foul Ball, location: 2F 2-1: Swinging Strike 2-2: Strikes out looking
|
|
Batting: RHB Ron Dillard
|
0-0: Ball 1-0: Foul Ball, location: 2F 1-1: Called Strike 1-2: SINGLE (Groundball, 6S, EV 71.3 MPH) (infield hit)
|
|
Batting: RHB Rigo Rodriguez
|
0-0: Called Strike 0-1: Ball 1-1: Called Strike 1-2: SINGLE (Line Drive, 34D, EV 93.8 MPH) Ron Dillard to second
|
|
Batting: SHB Michael Vanderburg
|
0-0: Ball 1-0: Foul Ball, location: 2F 1-1: Called Strike 1-2: Ball 2-2: Fly out, F7 (Flyball, 7LD, EV 86.3 MPH)
|
| Top of the 4th over - 0 runs, 2 hits, 0 errors, 2 left on base; Spartanburg 2 - Greenville 0 |
| BOTTOM OF THE 4TH |
|
Greenville Spinners batting - Pitching for Spartanburg Spartans : LHP Chuck Cary
|
|
Batting: LHB John Edmonds
|
0-0: Foul Ball, location: 2F 0-1: Ball 1-1: Called Strike 1-2: Ball 2-2: Ball 3-2: Strikes out looking
|
|
Batting: RHB Glenn Robertson
|
0-0: Foul Ball, location: 2F 0-1: Ball 1-1: Foul Ball, location: 2F 1-2: Ball 2-2: Strikes out swinging
|
|
Batting: SHB Thomas Colburn
|
0-0: Swinging Strike 0-1: Ball 1-1: Foul Ball, location: 2F 1-2: Ball 2-2: Fly out, F4 (Flyball, 4MD, EV 88.1 MPH)
|
| Bottom of the 4th over - 0 runs, 0 hits, 0 errors, 0 left on base; Spartanburg 2 - Greenville 0 |
| TOP OF THE 5TH |
|
Spartanburg Spartans batting - Pitching for Greenville Spinners : RHP Linvel Mosby
|
|
Batting: LHB Albert Ortiz
|
0-0: Ball 1-0: Ground out 5-3 (Groundball, 56, EV 85.0 MPH)
|
|
Batting: RHB Gib Seibert
|
0-0: Ball 1-0: Called Strike 1-1: Ball 2-1: Ball 3-1: Called Strike 3-2: Foul Ball, location: 2F 3-2: Fly out, F3 (Popup, 23F, EV 86.9 MPH)
|
|
Batting: LHB John Hennell
|
0-0: Foul Ball, location: 2F 0-1: Called Strike 0-2: Ball 1-2: Ball 2-2: Strikes out swinging
|
| Top of the 5th over - 0 runs, 0 hits, 0 errors, 0 left on base; Spartanburg 2 - Greenville 0 |
| BOTTOM OF THE 5TH |
|
Greenville Spinners batting - Pitching for Spartanburg Spartans : LHP Chuck Cary
|
|
Batting: RHB Michael McEvilly
|
0-0: Ball 1-0: Fly out, F5 (Popup, 56S, EV 81.9 MPH)
|
|
Batting: LHB Tim Jordan
|
0-0: Ball 1-0: Foul Ball, location: 2F 1-1: Swinging Strike 1-2: Ground out 4-3 (Groundball, 4, EV 103.8 MPH)
|
|
Batting: RHB Luis Salazar
|
0-0: Ball 1-0: Called Strike 1-1: Called Strike 1-2: Ground out 6-3 (Groundball, 6, EV 87.5 MPH)
|
| Bottom of the 5th over - 0 runs, 0 hits, 0 errors, 0 left on base; Spartanburg 2 - Greenville 0 |
| TOP OF THE 6TH |
|
Spartanburg Spartans batting - Pitching for Greenville Spinners : RHP Linvel Mosby
|
|
Batting: RHB Van Sowards
|
0-0: Ball 1-0: Called Strike 1-1: Ball 2-1: Foul Ball, location: 2F 2-2: Ball 3-2: Base on Balls
|
|
Batting: LHB Warren McReddie
|
0-0: Fly out, F9 (Flyball, 89S, EV 95.6 MPH)
|
|
Batting: RHB Inocencio Guerrero
|
0-0: Ball 1-0: SINGLE (Flyball, 5D, EV 81.9 MPH) Van Sowards to second
|
|
Batting: RHB Ron Dillard
|
0-0: Called Strike 0-1: Reached on error, E4 (Groundball, 4, EV 86.3 MPH) Van Sowards to third Inocencio Guerrero to second
|
|
Batting: RHB Rigo Rodriguez
|
0-0: Ball 1-0: Ball 2-0: Ball 3-0: Called Strike 3-1: Called Strike 3-2: SINGLE (Line Drive, 6MD, EV 106.3 MPH) Van Sowards scores Inocencio Guerrero to third Ron Dillard to second
|
|
Batting: SHB Michael Vanderburg
|
0-0: Ball 1-0: Grounds into double play, 6-4-3 (Groundball, 6, EV 89.4 MPH)
|
| Top of the 6th over - 1 run, 2 hits, 1 error, 2 left on base; Spartanburg 3 - Greenville 0 |
| BOTTOM OF THE 6TH |
|
Greenville Spinners batting - Pitching for Spartanburg Spartans : LHP Chuck Cary
|
|
Batting: RHB Tony Russell
|
0-0: Ground out 1-3 (Groundball, 13, EV 68.1 MPH)
|
|
Batting: RHB Darrell Woodard
|
0-0: Swinging Strike 0-1: SINGLE (Line Drive, 9LS, EV 92.5 MPH)
|
|
Batting: RHB Bobby Miscik
|
0-0: Ball 1-0: Called Strike 1-1: Ball Darrell Woodard steals 2nd, throwing error, E2 Darrell Woodard to third 2-1: Foul Ball, location: 2F 2-2: Strikes out looking
|
|
Batting: LHB John Edmonds
|
0-0: Ball Steal of home, Darrell Woodard is out
|
| Bottom of the 6th over - 0 runs, 1 hit, 1 error, 0 left on base; Spartanburg 3 - Greenville 0 |
| TOP OF THE 7TH |
|
Spartanburg Spartans batting - Pitching for Greenville Spinners : RHP Linvel Mosby
|
|
Batting: LHB Albert Ortiz
|
0-0: Ball 1-0: Ball 2-0: Ground out 4-3 (Groundball, 4, EV 77.5 MPH)
|
|
Batting: RHB Gib Seibert
|
0-0: Ball 1-0: Fly out, F8 (Line Drive, 8RD, EV 103.1 MPH)
|
|
Batting: LHB John Hennell
|
0-0: Called Strike 0-1: Fly out, F3 (Popup, 3SF, EV 66.9 MPH)
|
| Top of the 7th over - 0 runs, 0 hits, 0 errors, 0 left on base; Spartanburg 3 - Greenville 0 |
| BOTTOM OF THE 7TH |
|
Greenville Spinners batting - Pitching for Spartanburg Spartans : LHP Chuck Cary
|
|
Batting: LHB John Edmonds
|
0-0: Fly out, F3 (Flyball, 3D, EV 89.4 MPH)
|
|
Batting: RHB Glenn Robertson
|
0-0: Called Strike 0-1: Ball 1-1: Ball 2-1: Called Strike 2-2: Fly out, F9 (Line Drive, 9D, EV 95.6 MPH)
|
|
Batting: SHB Thomas Colburn
|
0-0: Ball 1-0: Called Strike 1-1: Ground out 5-3 (Groundball, 56, EV 88.1 MPH)
|
| Bottom of the 7th over - 0 runs, 0 hits, 0 errors, 0 left on base; Spartanburg 3 - Greenville 0 |
| TOP OF THE 8TH |
|
Spartanburg Spartans batting - Pitching for Greenville Spinners : RHP Linvel Mosby
|
|
Batting: RHB Van Sowards
|
0-0: Ball 1-0: Ball 2-0: Foul Ball, location: 2F 2-1: Foul Ball, location: 2F 2-2: Foul Ball, location: 2F 2-2: Foul Ball, location: 2F 2-2: Fly out, F6 (Popup, 6S, EV 72.5 MPH)
|
|
Batting: LHB Warren McReddie
|
0-0: Swinging Strike 0-1: Ball 1-1: Foul Ball, location: 2F 1-2: SINGLE (Groundball, 4MD, EV 98.1 MPH)
|
|
Batting: RHB Inocencio Guerrero
|
0-0: Ball 1-0: Ball Wild Pitch! Warren McReddie to second 2-0: Ball 3-0: Called Strike 3-1: Ground out 5-3 (Groundball, 5L, EV 85.6 MPH)
|
|
Batting: RHB Ron Dillard
|
0-0: Called Strike 0-1: Ball 1-1: Ground out 5-3 (Groundball, 5S, EV 69.4 MPH)
|
| Top of the 8th over - 0 runs, 1 hit, 0 errors, 1 left on base; Spartanburg 3 - Greenville 0 |
| BOTTOM OF THE 8TH |
|
Greenville Spinners batting - Pitching for Spartanburg Spartans : LHP Chuck Cary
|
|
Batting: RHB Michael McEvilly
|
0-0: Foul Ball, location: 2F 0-1: Ball 1-1: Fly out, F8 (Line Drive, 8RM, EV 90.6 MPH)
|
|
Batting: LHB Tim Jordan
|
0-0: Ball 1-0: Called Strike 1-1: Ball 2-1: Foul Ball, location: 2F 2-2: Ball 3-2: Reached on error, E9 (Line Drive, 9D, EV 91.9 MPH)
|
|
Batting: RHB Luis Salazar
|
0-0: Ball 1-0: Called Strike 1-1: Foul Ball, location: 2F 1-2: 2-RUN HOME RUN (Flyball, 7D, EV 101.3 MPH), Distance : 355 ft
|
|
Batting: RHB Tony Russell
|
0-0: Called Strike 0-1: Ball 1-1: Foul Ball, location: 2F 1-2: Foul Ball, location: 2F 1-2: Fly out, F9 (Flyball, 89M, EV 92.5 MPH)
|
|
Batting: RHB Darrell Woodard
|
0-0: Ball 1-0: Foul Ball, location: 2F 1-1: Ground out 4-3 (Groundball, 4, EV 85.0 MPH)
|
| Bottom of the 8th over - 2 runs, 1 hit, 1 error, 0 left on base; Spartanburg 3 - Greenville 2 |
| TOP OF THE 9TH |
|
Spartanburg Spartans batting - Pitching for Greenville Spinners : RHP Linvel Mosby
|
|
Pitching: RHP Scott Farmer
|
|
|
Batting: RHB Rigo Rodriguez
|
0-0: Ball 1-0: Ball 2-0: Ball 3-0: Base on Balls
|
|
Batting: SHB Michael Vanderburg
|
0-0: Called Strike 0-1: Ball 1-1: Ball 2-1: Called Strike 2-2: Strikes out swinging
|
|
Batting: LHB Albert Ortiz
|
0-0: Ball Wild Pitch! Rigo Rodriguez to second 1-0: Called Strike 1-1: Swinging Strike 1-2: Foul Ball, location: 2F 1-2: Ball Wild Pitch! Rigo Rodriguez to third 2-2: Strikes out swinging
|
|
Batting: RHB Gib Seibert
|
0-0: Ball 1-0: Ball 2-0: Foul Ball, location: 2F 2-1: SINGLE (Line Drive, 89S, EV 104.4 MPH) Rigo Rodriguez scores
|
|
Batting: LHB John Hennell
|
0-0: Ball 1-0: Ball 2-0: Ball 3-0: Called Strike 3-1: Foul Ball, location: 2F 3-2: Base on Balls Gib Seibert to second
|
|
Batting: RHB Van Sowards
|
0-0: Ball 1-0: SINGLE (Line Drive, 89S, EV 103.8 MPH) Gib Seibert to third John Hennell to second Runner from 3rd tries for Home, SAFE, throw by RF to home
|
|
Batting: LHB Warren McReddie
|
0-0: Ground out 1-3 (Groundball, 13S, EV 68.1 MPH)
|
| Top of the 9th over - 2 runs, 2 hits, 0 errors, 2 left on base; Spartanburg 5 - Greenville 2 |
| BOTTOM OF THE 9TH |
|
Greenville Spinners batting - Pitching for Spartanburg Spartans : LHP Chuck Cary
|
|
Batting: RHB Bobby Miscik
|
0-0: Ball 1-0: Foul Ball, location: 2F 1-1: SINGLE (Groundball, 56D, EV 103.1 MPH)
|
|
Batting: LHB John Edmonds
|
0-0: Ball 1-0: Ball 2-0: Swinging Strike 2-1: Ground out 4-3 (Groundball, 34, EV 97.5 MPH) Bobby Miscik to second
|
|
Batting: RHB Glenn Robertson
|
0-0: Swinging Strike 0-1: Ball 1-1: Ball 2-1: Fly out, F7 (Flyball, 7LS, EV 92.5 MPH)
|
|
Batting: SHB Thomas Colburn
|
0-0: Ball 1-0: Ball 2-0: Ball 3-0: Base on Balls
|
|
Pinch Hitting: RHB Ronald Carapezzi
|
0-0: Fielders Choice at 2nd, 6-4 (Groundball, 6, EV 78.1 MPH)
|
| Bottom of the 9th over - 0 runs, 1 hit, 0 errors, 2 left on base; Spartanburg 5 - Greenville 2 |
|